TOP OF THE 1ST |
Mississippi State University Bulldogs batting - Pitching for University of Conneticut Huskies : RHP Daniel Matthews
|
Pitching: RHP Daniel Matthews
|
|
Batting: RHB Logan Strassburg
|
0-0: Ball 1-0: Foul Ball, location: 2F 1-1: Swinging Strike 1-2: Strikes out swinging
|
Batting: SHB Toshinori Shimabukuro
|
0-0: SINGLE (Groundball, 56D, EV 99.4 MPH)
|
Batting: SHB Shou-xin Ouyang
|
0-0: Called Strike Toshinori Shimabukuro is caught stealing 2nd base 2-6 0-1: Ground out 5-3 (Groundball, 5, EV 108.1 MPH)
|
Top of the 1st over - 0 runs, 1 hit, 0 errors, 0 left on base; Mississippi State University 0 - University of Conneticut 0 |
BOTTOM OF THE 1ST |
University of Conneticut Huskies batting - Pitching for Mississippi State University Bulldogs : LHP Jon Hoffman
|
Pitching: LHP Jon Hoffman
|
|
Batting: RHB Jai De san miguel
|
0-0: Called Strike 0-1: Reached via error on a dropped throw from 2B, E3 (Groundball, 4, EV 82.5 MPH)
|
Batting: RHB Phil Hilton
|
0-0: Ball 1-0: Called Strike 1-1: Ball 2-1: Ball 3-1: Base on Balls Jai De san miguel to second
|
Batting: LHB Greg James
|
0-0: SINGLE (Groundball, 4D, EV 93.8 MPH) Jai De san miguel to third Phil Hilton to second Runner from 3rd tries for Home, throw by CF and OUT! 8-2
|
Batting: LHB Jonathan Sica
|
0-0: Ball 1-0: Swinging Strike 1-1: Called Strike 1-2: Ball 2-2: Strikes out swinging
|
Batting: RHB Victor Ramos
|
0-0: Foul Ball, location: 2F 0-1: Reached on error, E5 (Groundball, 56, EV 88.1 MPH) Phil Hilton to third Greg James to second
|
Batting: RHB Charlie Slayback
|
0-0: Called Strike 0-1: Called Strike 0-2: Strikes out looking
|
Bottom of the 1st over - 0 runs, 1 hit, 2 errors, 3 left on base; Mississippi State University 0 - University of Conneticut 0 |
TOP OF THE 2ND |
Mississippi State University Bulldogs batting - Pitching for University of Conneticut Huskies : RHP Daniel Matthews
|
Batting: RHB Karl Lukasiewicz
|
0-0: Ball 1-0: Called Strike 1-1: Ground out 4-3 (Groundball, 34, EV 86.2 MPH)
|
Batting: RHB Josh Simmons
|
0-0: Swinging Strike 0-1: Foul Ball, location: 2F 0-2: Ball 1-2: Ball 2-2: Fly out, F7 (Flyball, 7D, EV 70.6 MPH)
|
Batting: LHB Tom Ploughman
|
0-0: Called Strike 0-1: Fly out, F8 (Flyball, 8RM, EV 84.4 MPH)
|
Top of the 2nd over - 0 runs, 0 hits, 0 errors, 0 left on base; Mississippi State University 0 - University of Conneticut 0 |
BOTTOM OF THE 2ND |
University of Conneticut Huskies batting - Pitching for Mississippi State University Bulldogs : LHP Jon Hoffman
|
Batting: RHB Matthew Lanford
|
0-0: SOLO HOME RUN (Flyball, 7D, EV 96.9 MPH), Distance : 385 ft
|
Batting: RHB Jordan Nicholas
|
0-0: Ball 1-0: Called Strike 1-1: Foul Ball, location: 2F 1-2: Ball 2-2: Foul Ball, location: 2F 2-2: Ball 3-2: Base on Balls
|
Batting: LHB Matt Reed
|
0-0: SINGLE (Groundball, 34, EV 100.0 MPH) Jordan Nicholas to second Runner from 2nd tries for 3rd, SAFE, throw by RF made to third
|
Batting: RHB Jai De san miguel
|
0-0: Reached on error, E5 (Groundball, 56, EV 104.4 MPH) Jordan Nicholas scores Matt Reed to second
|
Batting: RHB Phil Hilton
|
0-0: Ball 1-0: SINGLE (Groundball, 5S, EV 73.1 MPH) (infield hit) Matt Reed to third Jai De san miguel to second
|
Batting: LHB Greg James
|
0-0: Foul Ball, location: 2F 0-1: Foul Ball, location: 2F 0-2: Foul Ball, location: 2F 0-2: Fly out, F7 (Flyball, 7D, EV 79.4 MPH) Runner from 3rd tags up, SCORES, throw by LF
|
Batting: LHB Jonathan Sica
|
0-0: Foul Ball, location: 2F 0-1: Swinging Strike 0-2: Strikes out swinging
|
Batting: RHB Victor Ramos
|
0-0: Ball 1-0: Swinging Strike 1-1: Ball 2-1: Ball 3-1: Base on Balls Jai De san miguel to third Phil Hilton to second
|
Batting: RHB Charlie Slayback
|
0-0: Ball 1-0: Called Strike 1-1: Foul Ball, location: 2F 1-2: DOUBLE (Flyball, 8RXD, EV 95.0 MPH) Jai De san miguel scores Phil Hilton scores Victor Ramos to third Runner from 3rd tries for Home, SAFE, no throw by CF
|
Pitching: RHP Esteban Vidal
|
|
Batting: RHB Matthew Lanford
|
0-0: Called Strike 0-1: Ground out 6-3 (Groundball, 6, EV 80.0 MPH)
|
Bottom of the 2nd over - 6 runs, 4 hits, 1 error, 1 left on base; Mississippi State University 0 - University of Conneticut 6 |
TOP OF THE 3RD |
Mississippi State University Bulldogs batting - Pitching for University of Conneticut Huskies : RHP Daniel Matthews
|
Batting: RHB Bill Petipas
|
0-0: Ball 1-0: Called Strike 1-1: Foul Ball, location: 2F 1-2: Ball 2-2: Strikes out swinging
|
Batting: RHB Oscar Vargas
|
0-0: Fly out, F8 (Flyball, 8LM, EV 73.8 MPH)
|
Batting: SHB Jim Rutherford
|
0-0: Ball 1-0: Called Strike 1-1: Swinging Strike 1-2: Fly out, F9 (Flyball, 89M, EV 91.9 MPH)
|
Top of the 3rd over - 0 runs, 0 hits, 0 errors, 0 left on base; Mississippi State University 0 - University of Conneticut 6 |
BOTTOM OF THE 3RD |
University of Conneticut Huskies batting - Pitching for Mississippi State University Bulldogs : RHP Esteban Vidal
|
Batting: RHB Jordan Nicholas
|
0-0: Ball 1-0: Swinging Strike 1-1: DOUBLE (Groundball, 5L, EV 95.0 MPH)
|
Batting: LHB Matt Reed
|
0-0: Swinging Strike 0-1: Foul Ball, location: 2F 0-2: Foul Ball, location: 2F 0-2: Fly out, F8 (Flyball, 89D, EV 109.4 MPH) Runner from 2nd tags up, SAFE at 3rd, no throw by CF
|
Batting: RHB Jai De san miguel
|
0-0: Reached on error, E6 (Groundball, 6, EV 86.9 MPH) Jordan Nicholas scores
|
Batting: RHB Phil Hilton
|
0-0: Ball 1-0: Ball 2-0: Foul Ball, location: 2F 2-1: Ball 3-1: Foul Ball, location: 2F 3-2: Fielders Choice at 2nd, 6-4 (Groundball, 6, EV 84.4 MPH)
|
Batting: LHB Greg James
|
0-0: Ball Wild Pitch! Phil Hilton to second 1-0: Called Strike 1-1: Foul Ball, location: 2F 1-2: Ball 2-2: Ball 3-2: Fly out, F8 (Line Drive, 8LM, EV 87.5 MPH)
|
Bottom of the 3rd over - 1 run, 1 hit, 1 error, 1 left on base; Mississippi State University 0 - University of Conneticut 7 |
TOP OF THE 4TH |
Mississippi State University Bulldogs batting - Pitching for University of Conneticut Huskies : RHP Daniel Matthews
|
Batting: RHB Logan Strassburg
|
0-0: Ball 1-0: Ball 2-0: Called Strike 2-1: Ball 3-1: Base on Balls
|
Batting: SHB Toshinori Shimabukuro
|
0-0: Called Strike Logan Strassburg steals 2nd base 0-1: Swinging Strike 0-2: Strikes out swinging
|
Batting: SHB Shou-xin Ouyang
|
0-0: Ball 1-0: Called Strike 1-1: Swinging Strike 1-2: Strikes out swinging
|
Batting: RHB Karl Lukasiewicz
|
0-0: Called Strike 0-1: Foul Ball, location: 2F 0-2: Foul Ball, location: 2F 0-2: Foul Ball, location: 2F 0-2: Foul Ball, location: 2F 0-2: Foul Ball, location: 2F 0-2: Foul Ball, location: 2F 0-2: Foul Ball, location: 2F 0-2: Strikes out swinging
|
Top of the 4th over - 0 runs, 0 hits, 0 errors, 1 left on base; Mississippi State University 0 - University of Conneticut 7 |
BOTTOM OF THE 4TH |
University of Conneticut Huskies batting - Pitching for Mississippi State University Bulldogs : RHP Esteban Vidal
|
Batting: LHB Jonathan Sica
|
0-0: Foul Ball, location: 2F 0-1: SINGLE (Groundball, 56D, EV 96.9 MPH)
|
Batting: RHB Victor Ramos
|
0-0: Ball 1-0: Ball 2-0: Foul Ball, location: 2F 2-1: Ball 3-1: Fly out, F9 (Flyball, 9, EV 90.6 MPH)
|
Batting: RHB Charlie Slayback
|
0-0: Ball 1-0: Called Strike 1-1: Ball 2-1: Foul Ball, location: 2F 2-2: Ball 3-2: Fly out, F8 (Flyball, 8LXD, EV 100.6 MPH)
|
Batting: RHB Matthew Lanford
|
0-0: Called Strike 0-1: Ball 1-1: Fly out, F7 (Flyball, 7LD, EV 92.5 MPH)
|
Bottom of the 4th over - 0 runs, 1 hit, 0 errors, 1 left on base; Mississippi State University 0 - University of Conneticut 7 |
TOP OF THE 5TH |
Mississippi State University Bulldogs batting - Pitching for University of Conneticut Huskies : RHP Daniel Matthews
|
Batting: RHB Josh Simmons
|
0-0: Ball 1-0: Ball 2-0: Swinging Strike 2-1: Ball 3-1: Base on Balls
|
Batting: LHB Tom Ploughman
|
0-0: Fielders Choice at 2nd, 3-6 (Groundball, 3, EV 86.9 MPH)
|
Batting: RHB Bill Petipas
|
0-0: Swinging Strike 0-1: Ball 1-1: Ball 2-1: Foul Ball, location: 2F 2-2: Strikes out swinging
|
Batting: RHB Oscar Vargas
|
0-0: Called Strike 0-1: Ball Tom Ploughman is caught stealing 2nd base 2-4
|
Top of the 5th over - 0 runs, 0 hits, 0 errors, 0 left on base; Mississippi State University 0 - University of Conneticut 7 |
BOTTOM OF THE 5TH |
University of Conneticut Huskies batting - Pitching for Mississippi State University Bulldogs : RHP Esteban Vidal
|
Batting: RHB Jordan Nicholas
|
0-0: Called Strike 0-1: Ball 1-1: Swinging Strike 1-2: Fly out, F8 (Flyball, 8LXD, EV 107.5 MPH)
|
Batting: LHB Matt Reed
|
0-0: Foul Ball, location: 2F 0-1: Ball 1-1: DOUBLE (Flyball, 89D, EV 110.0 MPH)
|
Batting: RHB Jai De san miguel
|
0-0: Ball 1-0: Reached via error on a dropped throw from 1B, E1 (Groundball, 34, EV 105.0 MPH) Matt Reed to third
|
Pitching: RHP Rich Martinez
|
|
Batting: RHB Phil Hilton
|
0-0: Ball 1-0: Called Strike 1-1: Foul Ball, location: 2F Balk! Matt Reed scores Jai De san miguel to second 1-2: Ball 2-2: Ball 3-2: Fly out, F9 (Line Drive, 9LM, EV 105.6 MPH)
|
Batting: LHB Greg James
|
0-0: Ball 1-0: Ball 2-0: Ball 3-0: Called Strike 3-1: DOUBLE (Line Drive, 5D, EV 103.8 MPH) Jai De san miguel scores
|
Batting: LHB Jonathan Sica
|
0-0: Called Strike 0-1: Reached on error, E5 (Groundball, 56, EV 85.6 MPH) Greg James scores
|
Batting: RHB Victor Ramos
|
0-0: Ball 1-0: Called Strike 1-1: Foul Ball, location: 2F 1-2: Ball 2-2: Foul Ball, location: 2F 2-2: Foul Ball, location: 2F 2-2: Ball 3-2: Ground out 4-3 (Groundball, 4, EV 106.2 MPH)
|
Bottom of the 5th over - 3 runs, 2 hits, 2 errors, 1 left on base; Mississippi State University 0 - University of Conneticut 10 |
TOP OF THE 6TH |
Mississippi State University Bulldogs batting - Pitching for University of Conneticut Huskies : RHP Daniel Matthews
|
Batting: RHB Oscar Vargas
|
0-0: Ball 1-0: Foul Ball, location: 2F 1-1: Swinging Strike 1-2: Ground out 5-3 (Groundball, 56, EV 91.9 MPH)
|
Batting: SHB Jim Rutherford
|
0-0: Ball 1-0: Ball 2-0: Ball 3-0: Called Strike 3-1: Foul Ball, location: 2F 3-2: Strikes out looking
|
Batting: RHB Logan Strassburg
|
0-0: Ball 1-0: Ball 2-0: Ball 3-0: Called Strike 3-1: Base on Balls
|
Batting: SHB Toshinori Shimabukuro
|
0-0: Ball 1-0: Swinging Strike 1-1: Foul Ball, location: 2F 1-2: Strikes out looking
|
Top of the 6th over - 0 runs, 0 hits, 0 errors, 1 left on base; Mississippi State University 0 - University of Conneticut 10 |
BOTTOM OF THE 6TH |
University of Conneticut Huskies batting - Pitching for Mississippi State University Bulldogs : RHP Rich Martinez
|
Batting: RHB Charlie Slayback
|
0-0: Called Strike 0-1: Called Strike 0-2: Ball 1-2: Foul Ball, location: 2F 1-2: Ball 2-2: Ball 3-2: Foul Ball, location: 2F 3-2: Foul Ball, location: 2F 3-2: Strikes out swinging
|
Batting: RHB Matthew Lanford
|
0-0: Ball 1-0: Foul Ball, location: 2F 1-1: Ball 2-1: Called Strike 2-2: Fly out, F5 (Popup, 5DF, EV 65.6 MPH)
|
Batting: RHB Jordan Nicholas
|
0-0: Ball 1-0: Foul Ball, location: 2F 1-1: Ball 2-1: SINGLE (Groundball, 56, EV 103.8 MPH) (infield hit)
|
Pitching: RHP Antonio Ramirez
|
|
Batting: LHB Matt Reed
|
0-0: Foul Ball, location: 2F 0-1: Ball 1-1: Ball 2-1: Fly out, F9 (Flyball, 89M, EV 78.1 MPH)
|
Bottom of the 6th over - 0 runs, 1 hit, 0 errors, 1 left on base; Mississippi State University 0 - University of Conneticut 10 |
TOP OF THE 7TH |
Mississippi State University Bulldogs batting - Pitching for University of Conneticut Huskies : RHP Daniel Matthews
|
Pitching: RHP Nick Rice
|
|
Batting: SHB Shou-xin Ouyang
|
0-0: Called Strike 0-1: Ball 1-1: Ball 2-1: Ball 3-1: Foul Ball, location: 2F 3-2: Strikes out swinging
|
Batting: RHB Karl Lukasiewicz
|
0-0: Called Strike 0-1: Ball 1-1: Foul Ball, location: 2F 1-2: Ball 2-2: Strikes out swinging
|
Batting: RHB Josh Simmons
|
0-0: Swinging Strike 0-1: Ball 1-1: Ball 2-1: DOUBLE (Line Drive, 5D, EV 94.4 MPH)
|
Batting: LHB Tom Ploughman
|
0-0: Foul Ball, location: 2F 0-1: Ball 1-1: Called Strike 1-2: Foul Ball, location: 2F 1-2: Ball 2-2: Ball 3-2: Ground out 6-3 (Groundball, 6S, EV 85.6 MPH)
|
Top of the 7th over - 0 runs, 1 hit, 0 errors, 1 left on base; Mississippi State University 0 - University of Conneticut 10 |
BOTTOM OF THE 7TH |
University of Conneticut Huskies batting - Pitching for Mississippi State University Bulldogs : RHP Antonio Ramirez
|
Batting: RHB Jai De san miguel
|
0-0: Ball 1-0: Ball 2-0: Swinging Strike 2-1: Called Strike 2-2: Foul Ball, location: 2F 2-2: Strikes out swinging
|
Pinch Hitting: LHB Omar Alba
|
0-0: Fly out, F2 (Popup, 13S, EV 85.0 MPH)
|
Batting: LHB Greg James
|
0-0: Called Strike 0-1: SINGLE (Groundball, 5D, EV 103.8 MPH)
|
Pinch Hitting: RHB Matt Robinson
|
0-0: Called Strike 0-1: Ball 1-1: Swinging Strike 1-2: Ball 2-2: Strikes out looking
|
Bottom of the 7th over - 0 runs, 1 hit, 0 errors, 1 left on base; Mississippi State University 0 - University of Conneticut 10 |
TOP OF THE 8TH |
Mississippi State University Bulldogs batting - Pitching for University of Conneticut Huskies : RHP Nick Rice
|
Now at 1B: Lee Wilbur
|
|
Now in LF: Matt Reed
|
|
Now in CF: Omar Alba
|
|
Batting: RHB Bill Petipas
|
0-0: Ground out 5-3 (Groundball, 56, EV 85.0 MPH)
|
Batting: RHB Oscar Vargas
|
0-0: Ball 1-0: Swinging Strike 1-1: Foul Ball, location: 2F 1-2: Ground out 6-3 (Groundball, 6S, EV 66.9 MPH)
|
Batting: SHB Jim Rutherford
|
0-0: Swinging Strike 0-1: Swinging Strike 0-2: Ball 1-2: Strikes out swinging
|
Top of the 8th over - 0 runs, 0 hits, 0 errors, 0 left on base; Mississippi State University 0 - University of Conneticut 10 |
BOTTOM OF THE 8TH |
University of Conneticut Huskies batting - Pitching for Mississippi State University Bulldogs : RHP Antonio Ramirez
|
Batting: RHB Victor Ramos
|
0-0: Ball 1-0: Foul Ball, location: 2F 1-1: Called Strike 1-2: Foul Ball, location: 2F 1-2: Ball 2-2: Strikes out swinging
|
Batting: RHB Charlie Slayback
|
0-0: Swinging Strike 0-1: Foul Ball, location: 2F 0-2: Foul Ball, location: 2F 0-2: Ball 1-2: Ball 2-2: SINGLE (Flyball, 3D, EV 84.4 MPH)
|
Batting: RHB Matthew Lanford
|
0-0: Called Strike 0-1: Swinging Strike 0-2: Ball 1-2: Ball 2-2: Foul Ball, location: 2F 2-2: Foul Ball, location: 2F 2-2: Ball 3-2: Fly out, F9 (Flyball, 89D, EV 88.8 MPH)
|
Batting: RHB Jordan Nicholas
|
0-0: Ball 1-0: Ball 2-0: Ball 3-0: Base on Balls Charlie Slayback to second
|
Batting: LHB Matt Reed
|
0-0: Ball 1-0: Ball 2-0: Swinging Strike 2-1: Called Strike 2-2: Ball 3-2: Strikes out swinging
|
Bottom of the 8th over - 0 runs, 1 hit, 0 errors, 2 left on base; Mississippi State University 0 - University of Conneticut 10 |
TOP OF THE 9TH |
Mississippi State University Bulldogs batting - Pitching for University of Conneticut Huskies : RHP Nick Rice
|
Batting: RHB Logan Strassburg
|
0-0: Foul Ball, location: 2F 0-1: Swinging Strike 0-2: Ground out 6-3 (Groundball, 6, EV 91.2 MPH)
|
Batting: SHB Toshinori Shimabukuro
|
0-0: Swinging Strike 0-1: Called Strike 0-2: Strikes out swinging
|
Batting: SHB Shou-xin Ouyang
|
0-0: Ball 1-0: Foul Ball, location: 2F 1-1: Fly out, F8 (Flyball, 89D, EV 111.9 MPH)
|
Top of the 9th over - 0 runs, 0 hits, 0 errors, 0 left on base; Mississippi State University 0 - University of Conneticut 10 |
|